General information
			
			
        
        - name: BNet
 
        - type: Ladder 1vs1/FFA
 
        - host: Battle.net
 
        - saver: tacoworld
 
        
map: TurtleRock 
        - players: 2
 
        - length: 57:51
 
        - speed: Fast
 - version: 1.22 W3XP
 - replay type:  Public
 
» download(193 KB)
Players
        team 1 (winner) 
              
              
tacoworld (
pink | 71 APM | 4082 actions | 57:51)
              
 7 Goblin Alchemist 
 3 Healing Spray
 3 Chemical Rage
 1 Transmute
 4 Mountain King 
 2 Storm Bolt
 2 Bash
 1 Archmage 
 1 Brilliance Aura
 
                » actions 
                
                | Assign group hotkey | 25 |  | 
| Basic commands | 190 |  | 
| Build / train | 121 |  | 
| Enter build submenu | 64 |  | 
| Enter hero's abilities submenu | 11 |  | 
| Give item / drop item | 2 |  | 
| Right click | 1721 |  | 
| Select / deselect | 673 |  | 
| Select group hotkey | 1021 |  | 
| Use ability | 253 |  | 
                4082 total
 » units 
                
                | Peasant | 21 |  | 
| Footman | 4 |  | 
| Gryphon Rider | 7 |  | 
| Sorceress | 12 |  | 
| Priest | 6 |  | 
| Mortar Team | 5 |  | 
                55 total
 » upgrades
                
                | Lumber Harvesting | 2 |  | 
| Swords | 3 |  | 
| Masonry | 3 |  | 
| Plating | 2 |  | 
| Magic Sentry | 1 |  | 
| Sorceress Training | 2 |  | 
| Storm Hammers | 1 |  | 
| Priest Training | 3 |  | 
| Fragmentation Shards | 1 |  | 
| Flare | 1 |  | 
                19 total
 » buildings
                
                | Barracks | 1 |  | 
| Farm | 11 |  | 
| Altar of Kings | 1 |  | 
| Scout Tower | 80 |  | 
| Lumber Mill | 6 |  | 
| Arcane Tower | 10 |  | 
| Keep | 2 |  | 
| Arcane Vault | 2 |  | 
| Blacksmith | 1 |  | 
| Castle | 1 |  | 
| Gryphon Aviary | 2 |  | 
| Guard Tower | 15 |  | 
| Town Hall | 3 |  | 
| Arcane Sanctum | 1 |  | 
| Workshop | 7 |  | 
                143 total
 » build order
                00:17 Barracks
00:24 Farm
00:49 Altar of Kings
01:19 Scout Tower
01:31 Farm
01:42 Lumber Mill
01:51 Lumber Mill
01:59 Arcane Tower
03:08 Keep
03:08 Keep
03:49 Arcane Vault
03:53 Arcane Vault
04:24 Scout Tower
04:25 Scout Tower
04:25 Scout Tower
04:57 Blacksmith
05:40 Castle
05:51 Gryphon Aviary
06:02 Guard Tower
06:25 Guard Tower
08:14 Farm
08:34 Gryphon Aviary
08:52 Farm
10:34 Guard Tower
10:38 Scout Tower
10:39 Scout Tower
10:40 Scout Tower
10:51 Farm
11:15 Lumber Mill
11:22 Farm
11:22 Farm
11:23 Farm
11:27 Farm
11:27 Farm
11:27 Farm
12:30 Guard Tower
14:34 Scout Tower
14:35 Scout Tower
14:35 Scout Tower
14:36 Scout Tower
16:05 Scout Tower
16:05 Scout Tower
16:06 Scout Tower
16:07 Scout Tower
16:07 Scout Tower
16:09 Scout Tower
16:09 Scout Tower
16:48 Scout Tower
16:49 Scout Tower
16:49 Scout Tower
16:51 Scout Tower
16:53 Guard Tower
16:59 Guard Tower
17:51 Town Hall
17:57 Guard Tower
19:17 Lumber Mill
20:31 Arcane Sanctum
21:35 Arcane Tower
22:30 Arcane Tower
23:07 Scout Tower
23:44 Guard Tower
25:54 Scout Tower
25:54 Scout Tower
25:55 Scout Tower
25:56 Scout Tower
25:57 Scout Tower
26:30 Guard Tower
26:33 Guard Tower
26:35 Scout Tower
26:35 Scout Tower
26:36 Scout Tower
26:36 Scout Tower
26:37 Scout Tower
27:42 Guard Tower
27:57 Lumber Mill
28:11 Lumber Mill
28:24 Town Hall
28:38 Scout Tower
28:40 Scout Tower
28:42 Scout Tower
28:43 Scout Tower
28:44 Scout Tower
29:17 Arcane Tower
31:49 Arcane Tower
32:45 Scout Tower
32:46 Scout Tower
32:46 Scout Tower
32:47 Scout Tower
33:34 Scout Tower
33:35 Scout Tower
33:36 Scout Tower
33:37 Scout Tower
33:40 Scout Tower
33:41 Scout Tower
34:15 Guard Tower
37:51 Guard Tower
37:53 Scout Tower
37:53 Scout Tower
37:54 Scout Tower
37:54 Scout Tower
38:02 Guard Tower
40:30 Town Hall
40:33 Scout Tower
40:34 Scout Tower
42:25 Guard Tower
45:35 Scout Tower
45:36 Scout Tower
45:36 Scout Tower
47:04 Arcane Tower
47:09 Scout Tower
47:10 Scout Tower
47:10 Scout Tower
47:11 Scout Tower
47:11 Scout Tower
47:12 Scout Tower
48:04 Workshop
48:05 Workshop
48:06 Workshop
48:17 Arcane Tower
48:18 Arcane Tower
48:21 Workshop
48:23 Workshop
48:26 Workshop
48:28 Workshop
48:41 Arcane Tower
49:49 Arcane Tower
56:14 Scout Tower
56:15 Scout Tower
56:16 Scout Tower
56:18 Scout Tower
56:18 Scout Tower
56:19 Scout Tower
56:20 Scout Tower
56:22 Scout Tower
56:23 Scout Tower
56:24 Scout Tower
56:25 Scout Tower
56:27 Scout Tower
56:28 Scout Tower
56:30 Scout Tower
56:31 Scout Tower
56:33 Scout Tower
» items
                
                | Scroll of Healing | 1 |  | 
| Staff of Teleportation | 2 |  | 
| Scroll of Town Portal | 1 |  | 
                4 total
  
               team 2 (loser) 
              
              
uuu101uuu (
teal | 134 APM | 7752 actions | 57:48)
              
 6 Far Seer 
 3 Feral Spirit
 1 Chain Lighting
 1 Far Sight
 1 Earth Quake
 4 Blademaster 
 2 Wind Walk
 1 Mirror Image
 1 Critical Strike
 2 Beastmaster 
 1 Summon Quilbeast
 1 Summon Hawk
 
                » actions 
                
                | Assign group hotkey | 73 |  | 
| Build / train | 200 |  | 
| Enter build submenu | 69 |  | 
| Enter hero's abilities submenu | 12 |  | 
| Give item / drop item | 1 |  | 
| Right click | 3008 |  | 
| Select / deselect | 761 |  | 
| Select group hotkey | 3375 |  | 
| Use ability | 253 |  | 
                7752 total
 » units 
                
                | Peon | 35 |  | 
| Grunt | 17 |  | 
| Wind Rider | 20 |  | 
| Troll Witch Doctor | 18 |  | 
| Demolisher | 21 |  | 
| Tauren | 19 |  | 
| Kodo Beast | 1 |  | 
                131 total
 » upgrades
                
                | Armor | 4 |  | 
| Melee Weapons | 3 |  | 
| Spiked Barricades | 3 |  | 
| Berserker Strength | 1 |  | 
| Envenomed Spears | 1 |  | 
| Pillage | 1 |  | 
| Ranged Weapons | 3 |  | 
| Reinforced Defenses | 1 |  | 
| Backpack | 1 |  | 
| Witch Doctor Training | 2 |  | 
| Burning Oil | 1 |  | 
| Pulverize | 1 |  | 
| Liquid Fire | 1 |  | 
| War Drums Damage Increase | 1 |  | 
                24 total
 » buildings
                
                | Orc Burrow | 7 |  | 
| Altar of Storms | 1 |  | 
| Barracks | 3 |  | 
| War Mill | 9 |  | 
| Stronghold | 7 |  | 
| Watch Tower | 37 |  | 
| Fortress | 3 |  | 
| Beastiary | 2 |  | 
| Great Hall | 4 |  | 
| Voodoo Lounge | 2 |  | 
| Tauren Totem | 2 |  | 
| Spirit Lodge | 1 |  | 
                78 total
 » build order
                00:19 Orc Burrow
00:26 Altar of Storms
00:56 Barracks
01:15 Orc Burrow
02:03 War Mill
02:42 Stronghold
02:43 Stronghold
02:43 Stronghold
02:43 Stronghold
04:04 Watch Tower
04:22 Orc Burrow
05:46 Watch Tower
06:32 Fortress
06:32 Fortress
06:32 Fortress
07:27 Beastiary
08:11 Great Hall
08:18 Orc Burrow
09:06 War Mill
09:18 Watch Tower
10:27 Watch Tower
11:02 War Mill
13:00 Orc Burrow
13:06 War Mill
13:46 Watch Tower
14:03 Watch Tower
14:36 Voodoo Lounge
15:01 Tauren Totem
15:13 Spirit Lodge
15:18 Watch Tower
15:39 Orc Burrow
15:46 Watch Tower
16:37 Beastiary
17:08 War Mill
17:59 Orc Burrow
19:32 Great Hall
21:53 War Mill
21:58 Watch Tower
22:43 Barracks
23:09 Watch Tower
23:59 Watch Tower
25:39 Watch Tower
25:55 Voodoo Lounge
26:23 Watch Tower
27:57 Watch Tower
28:15 War Mill
29:17 Great Hall
29:50 Watch Tower
30:58 Watch Tower
31:44 Tauren Totem
32:31 Watch Tower
33:02 Watch Tower
33:09 Watch Tower
34:11 Watch Tower
34:58 Watch Tower
35:09 Watch Tower
35:40 Watch Tower
35:56 Watch Tower
35:58 Watch Tower
36:11 Watch Tower
36:17 Watch Tower
37:00 Watch Tower
37:26 Barracks
38:14 Watch Tower
39:32 Great Hall
39:49 War Mill
40:37 War Mill
43:21 Watch Tower
44:07 Watch Tower
44:29 Watch Tower
45:06 Watch Tower
45:24 Watch Tower
49:19 Watch Tower
49:35 Watch Tower
49:38 Watch Tower
» items
                
                | Potion of Healing | 3 |  | 
| Potion of Mana | 1 |  | 
| Tiny Great Hall | 2 |  | 
| Scroll of Town Portal | 4 |  | 
                10 total
  
                Chat log
          
(42:01 / All) tacoworld: gg i win
(46:48 / All) tacoworld: gg i win